Map: [ESL] Radhuset Station

Players

Serral - Winner!

  • Race: Zerg Zerg
  • Spawn Location: 7:00

Clem

  • Race: Terran Terran
  • Spawn Location: 1:00

Event: ESL SC2 Masters 2023 Winter (Regional)

VOD

Have the link to the VOD?

Description

Time

  • Played on: Nov. 17, 2023, 10:42 a.m.
  • Length: 18:37

All games in this series

Show
View Real Time Build Order
Export as new Build Order

Serral Zerg - Winner!

Build Orders: Hatch First 

Get SALT Encoding   

  12  0:00  Drone  
  13  0:07  Drone  
  13  0:14  Extractor  
  13  0:15  Drone  
  15  0:37  Hatchery  
  15  0:42  Extractor, Drone  
  14  0:48  Overlord  
  15  1:04  Spawning Pool  
  14  1:07  Drone  
  14  1:11  Drone  
  16  1:15  Drone  
  18  1:18  Drone  
  18  1:28  Drone  
  19  1:39  Drone  
  20  1:49  Drone  
  20  1:50  Queen x2  
  20  1:52  Drone  
  26  1:59  Drone  
  26  2:00  Overlord  
  27  2:10  Drone  
  28  2:19  Drone  
  28  2:21  Drone  
  31  2:22  Drone  
  31  2:25  Queen x2  
  35  2:32  Overlord  
  35  2:34  Drone  
  36  2:45  Hatchery  
  36  2:47  Drone  
  36  2:50  Extractor, Drone  
  36  2:55  Drone x2  
  38  2:59  Drone x2  
  38  3:01  Drone  
  38  3:05  Drone x2  
  43  3:06  Drone  
  43  3:10  Overlord  
  44  3:19  Roach Warren  
  43  3:20  Drone  
  43  3:27  Extractor  
  43  3:30  Drone x7  
  51  3:34  Drone x2  
  51  3:38  Overlord  
  52  3:42  Overlord  
  52  4:00  Roach x3  
  58  4:04  Queen, Overlord  
  58  4:07  Roach, Overlord  
  58  4:08  Drone x4  
  66  4:14  Roach  
  66  4:17  Drone  
  69  4:19  Lair  
  69  4:20  Drone, Spore Crawler  
  69  4:22  Drone  
  70  4:27  Drone  
  70  4:31  Drone  
  72  4:34  Overlord  
  72  4:36  Drone x3  
  75  4:39  Drone  
  75  4:40  Drone x2  
  75  4:42  Overlord  
  75  4:44  Extractor, Drone  
  78  4:45  Extractor  
  78  4:47  Drone  
  78  4:51  Drone  
  79  4:54  Drone  
  79  4:58  Extractor  
  79  5:00  Extractor, Drone  
  79  5:02  Drone  
  79  5:04  Drone  
  81  5:09  Drone, Hatchery  
  81  5:12  Drone x9  
  90  5:17  Baneling Nest  
  90  5:19  Drone x2, Spire  
  90  5:22  Overseer  
  90  5:23  Drone  
  90  5:25  Drone  
  92  5:30  Metabolic Boost  
  92  5:31  Overlord  
  92  5:32  Drone  
  93  5:36  Drone  
  93  5:37  Overlord  
  93  5:39  Drone  
  93  5:40  Overlord  
  93  5:41  Drone, Overlord  
  93  5:42  Drone  
  97  5:43  Drone  
  97  5:45  Overlord  
  98  5:54  Drone  
  99  5:57  Drone x2  
  99  5:59  Overlord  
  99  6:04  Zergling x6, Extractor, Centrifugal Hooks  
  100  6:05  Extractor  
  100  6:09  Zergling x4  
  100  6:11  Zergling x2  
  105  6:15  Zergling x6, Overlord  
  105  6:16  Zergling x2  
  109  6:21  Queen  
  111  6:31  Mutalisk x10  
  131  6:38  Zerg Flyer Weapons Level 1  
  131  6:40  Zergling x4  
  131  6:46  Zergling x16  
  139  6:50  Evolution Chamber x2  
  139  6:51  Drone  
  138  6:55  Drone  
  138  6:56  Drone x2  
  139  7:02  Drone x2  
  140  7:09  Drone  
  140  7:10  Mutalisk, Overlord  
  140  7:11  Mutalisk x5  
  140  7:14  Overlord  
  153  7:16  Zerg Melee Weapons Level 1, Zerg Ground Armor Level 1  
  153  7:17  Zergling x6  
  156  7:23  Mutalisk  
  156  7:26  Drone x2  
  156  7:29  Overlord  
  159  7:30  Mutalisk  
  159  7:31  Mutalisk  
  159  7:33  Drone x2  
  159  7:36  Overlord  
  165  7:39  Overlord  
  165  7:40  Pneumatized Carapace, Overlord  
  163  7:49  Mutalisk x3  
  163  7:50  Zergling x8  
  170  7:57  Hatchery  
  169  8:01  Mutalisk  
  169  8:02  Mutalisk x2  
  175  8:05  Overseer  
  175  8:06  Zergling x22  
  184  8:14  Baneling x9  
  184  8:16  Overseer x2  
  184  8:21  Mutalisk  
  184  8:22  Zergling x16  
  194  8:33  Drone x5  
  199  8:36  Overseer  
  199  8:47  Baneling x10  
  199  8:52  Infestation Pit  
  199  8:54  Hatchery  
  197  8:59  Drone  
  197  9:01  Drone  
  199  9:08  Overlord  
  199  9:09  Overlord  
  199  9:13  Zerg Melee Weapons Level 2, Burrow, Zerg Ground Armor Level 2  
  199  9:15  Drone  
  199  9:16  Baneling x3  
  200  9:17  Spore Crawler  
  197  9:26  Zerg Flyer Weapons Level 2  
  197  9:27  Hatchery  
  196  9:31  Zergling x10  
  196  9:32  Zergling x2  
  200  9:54  Hive  
  200  10:15  Baneling x15  
  200  10:36  Hatchery  
  199  10:44  Zergling x2  
  200  10:53  Extractor x2  
  198  10:57  Drone x2  
  198  10:58  Overlord x2  
  200  11:09  Baneling x7  
  200  11:11  Adrenal Glands, Ultralisk Cavern, Neural Parasite  
  200  11:13  Overseer  
  199  11:19  Zergling x2  
  199  11:24  Zergling x4  
  200  11:31  Zerg Ground Armor Level 3, Zerg Melee Weapons Level 3  
  199  11:34  Baneling x2  
  199  11:35  Baneling x6  
  199  11:42  Zerg Flyer Armor Level 1  
  197  11:50  Zergling x26  
  187  11:58  Chitinous Plating  
  164  12:03  Zergling x16, Ultralisk x3  
  164  12:04  Zergling x22  
  194  12:15  Baneling x17  
  194  12:16  Overseer  
  194  12:17  Ultralisk  
  200  12:41  Spore Crawler  
  200  12:42  Baneling x5  
  199  12:52  Hatchery  
  199  12:53  Infestor  
  200  13:17  Anabolic Synthesis, Hatchery  
  193  13:21  Zergling x14  
  189  13:32  Zergling x18  
  189  13:33  Zergling x24  
  191  13:36  Zerg Flyer Weapons Level 3  
  177  13:42  Mutalisk x4  
  177  13:43  Mutalisk x2  
  177  13:45  Zergling x22  
  200  13:55  Infestor  
  200  13:56  Baneling x29  
  200  13:57  Baneling x3  
  200  14:02  Baneling x4  
  200  14:03  Baneling x2  
  200  14:08  Zerg Missile Weapons Level 1  
  200  14:16  Spore Crawler  
  199  14:18  Drone  
  199  14:19  Drone, Spore Crawler  
  179  14:39  Zergling x10  
  179  14:40  Zergling x32  
  181  14:46  Zergling x44  
  181  14:51  Overseer x2  
  199  14:54  Baneling x9  
  199  14:58  Baneling x26  
  199  14:59  Baneling x6  
  199  15:00  Baneling x6  
  194  15:29  Zergling x10  
  184  15:51  Infestor x2  
  184  15:52  Zergling x34  
  189  15:58  Infestor x3  
  189  16:00  Zergling x26  
  192  16:06  Infestor x2  
  178  16:24  Corruptor x5  
  178  16:25  Corruptor x4  
  184  16:32  Baneling x12  
  180  16:33  Ultralisk x3  
  198  16:43  Baneling x3  
  198  16:44  Zergling x4, Baneling x18  
  198  16:45  Infestor  
  198  16:46  Overseer x2  
  200  16:52  Extractor  
  200  16:53  Extractor  
  198  16:56  Drone x2  
  199  17:18  Zergling x2  
  199  17:29  Zergling x20  
  189  17:30  Zergling x30  
  189  17:37  Zergling x36  
  200  17:44  Infestor  
  200  17:48  Baneling x43  
  200  17:49  Baneling x9  
  200  17:53  Infestor  
  200  18:02  Baneling  
  200  18:03  Baneling x16  
  200  18:04  Baneling  
Show
View Real Time Build Order
Export as new Build Order

Clem Terran 

Build Orders: Liberator Opening 

Get SALT Encoding   

  12  0:00  SCV  
  13  0:12  SCV  
  14  0:17  Supply Depot  
  14  0:24  SCV  
  15  0:39  SCV  
  15  0:40  Barracks  
  16  0:46  Refinery  
  16  0:51  SCV  
  17  1:04  SCV  
  18  1:16  SCV  
  19  1:28  Orbital Command, Marine  
  20  1:42  Command Center  
  20  1:46  Marine  
  21  1:56  SCV  
  21  1:59  Factory  
  22  2:05  Supply Depot  
  22  2:08  SCV  
  22  2:10  Barracks Reactor  
  23  2:22  Refinery  
  23  2:26  SCV  
  24  2:38  SCV  
  24  2:43  Starport  
  25  2:50  Hellion x2, SCV  
  30  2:56  Orbital Command  
  30  3:03  SCV  
  31  3:11  Hellion x2  
  35  3:15  Orbital Command, SCV  
  36  3:21  Liberator  
  40  3:27  SCV  
  40  3:28  Barracks Tech Lab, Supply Depot  
  40  3:34  Hellion  
  42  3:40  SCV  
  42  3:41  SCV  
  44  3:43  Hellion  
  44  3:47  Stimpack  
  46  3:52  SCV  
  46  3:53  SCV  
  46  3:55  Supply Depot  
  48  4:04  SCV  
  48  4:05  SCV  
  50  4:16  Command Center  
  50  4:18  SCV x2  
  52  4:24  Barracks  
  52  4:25  Factory Reactor  
  52  4:29  Barracks  
  52  4:32  SCV  
  52  4:33  SCV  
  52  4:34  Marine  
  52  4:36  Starport Reactor  
  55  4:44  SCV  
  55  4:45  SCV, Supply Depot  
  56  4:52  Marine  
  54  4:54  Engineering Bay x2  
  54  4:56  SCV  
  54  4:57  SCV  
  57  5:08  SCV, Supply Depot  
  57  5:10  Factory Tech Lab, SCV  
  57  5:12  Refinery  
  59  5:14  Marine  
  59  5:19  Marine x2  
  59  5:21  Terran Infantry Weapons Level 1, Marine x2, Terran Infantry Armor Level 1, SCV  
  63  5:22  SCV  
  63  5:24  Medivac  
  63  5:28  Orbital Command  
  68  5:30  Medivac  
  68  5:35  SCV x2  
  72  5:37  Marine, Refinery  
  72  5:39  Combat Shield  
  72  5:42  Marine x2  
  75  5:43  Marine  
  75  5:44  Marine  
  75  5:47  SCV  
  75  5:48  SCV  
  79  5:51  Siege Tank  
  79  5:53  Supply Depot  
  79  5:56  SCV  
  83  5:59  SCV  
  83  6:00  SCV  
  83  6:02  Supply Depot  
  83  6:03  Marine  
  86  6:07  Marine x3  
  86  6:08  SCV, Marine  
  91  6:13  SCV  
  91  6:15  SCV  
  93  6:20  SCV  
  93  6:21  Barracks, Marine  
  93  6:23  Barracks  
  95  6:25  SCV  
  95  6:26  Supply Depot  
  95  6:27  Siege Tank  
  95  6:29  Marine, SCV  
  102  6:32  SCV  
  102  6:34  Marine x3  
  102  6:36  Medivac  
  102  6:38  Medivac  
  109  6:41  SCV  
  109  6:48  Supply Depot, SCV  
  109  6:49  SCV  
  109  6:50  Marine x2  
  109  6:52  Supply Depot  
  109  6:53  Factory  
  113  6:55  SCV  
  113  6:56  Marine x2, Refinery  
  113  6:59  Marine  
  113  7:01  SCV x2  
  116  7:07  Supply Depot  
  117  7:09  SCV  
  117  7:10  Widow Mine  
  117  7:12  Barracks Reactor x2  
  117  7:13  SCV x2  
  122  7:16  Marine x2  
  122  7:22  SCV  
  120  7:23  Marine  
  120  7:24  Marine  
  120  7:25  Marine, SCV x2  
  123  7:30  Medivac x2  
  123  7:33  Missile Turret x2  
  123  7:34  SCV  
  123  7:35  Missile Turret  
  127  7:38  SCV x2  
  127  7:42  Factory Reactor, Supply Depot  
  127  7:44  Marine  
  127  7:46  Armory, SCV  
  127  7:47  Marine  
  127  7:48  Marine x2  
  127  7:49  Widow Mine  
  127  7:50  SCV  
  126  7:57  Command Center  
  124  7:59  Marine x2  
  124  8:00  Marine x2  
  124  8:04  Medivac  
  124  8:05  Medivac  
  132  8:07  Supply Depot, Marine  
  132  8:12  Marine x3  
  136  8:13  Marine  
  136  8:19  Missile Turret, Widow Mine x2  
  141  8:21  Missile Turret, Marine  
  141  8:23  Marine  
  141  8:26  Widow Mine  
  142  8:27  SCV  
  142  8:29  SCV x2  
  142  8:32  Marine  
  142  8:33  Supply Depot, Marine x6  
  151  8:36  Terran Infantry Weapons Level 2, Missile Turret  
  151  8:38  Drilling Claws  
  151  8:40  Terran Infantry Armor Level 2  
  151  8:41  SCV  
  151  8:43  Widow Mine  
  151  8:46  Widow Mine  
  156  8:48  Supply Depot  
  156  8:54  Thor, Marine, SCV  
  156  8:55  SCV x2  
  165  8:59  Supply Depot  
  165  9:04  Missile Turret  
  165  9:06  Missile Turret  
  165  9:07  Supply Depot  
  165  9:09  Sensor Tower, SCV, Widow Mine x2  
  170  9:10  SCV  
  170  9:12  SCV  
  172  9:19  Marine  
  172  9:22  Barracks  
  172  9:23  SCV  
  172  9:24  Barracks  
  174  9:25  Barracks  
  174  9:30  Missile Turret, Supply Depot  
  172  9:32  Marine x2  
  172  9:36  Widow Mine x2  
  178  9:40  SCV  
  178  9:45  Thor  
  175  9:46  SCV  
  175  9:47  Planetary Fortress  
  175  9:48  Marine  
  175  9:51  Marine x4  
  175  9:52  SCV  
  186  9:53  Marine  
  186  9:57  Widow Mine  
  186  9:58  Widow Mine  
  191  10:02  Supply Depot  
  191  10:03  Marine, SCV  
  191  10:05  Command Center  
  193  10:08  Sensor Tower, SCV  
  194  10:15  Barracks Tech Lab x3, Supply Depot, Refinery  
  194  10:19  Widow Mine  
  196  10:23  Supply Depot  
  196  10:25  Terran Vehicle And Ship Armor Level 1  
  196  10:27  SCV x2, Refinery  
  196  10:28  Concussive Shells, Marauder, Refinery  
  200  10:35  Command Center  
  200  10:49  Marauder  
  200  10:51  Marauder  
  200  10:54  Terran Infantry Weapons Level 3  
  200  11:01  Command Center, Ghost Academy  
  200  11:03  Command Center  
  200  11:05  Terran Infantry Armor Level 3, Missile Turret  
  200  11:06  Missile Turret  
  200  11:08  Missile Turret  
  200  11:20  Missile Turret x2  
  200  11:21  Sensor Tower  
  200  11:22  Missile Turret  
  200  11:23  Missile Turret  
  200  11:24  Missile Turret  
  199  11:43  Command Center  
  197  11:54  Widow Mine  
  187  11:57  Marine x2  
  187  11:58  Widow Mine, Marine  
  187  11:59  Marine x2  
  187  12:00  Widow Mine, Marine  
  170  12:01  Marine x2  
  170  12:02  Marine  
  170  12:03  SCV  
  170  12:04  Marine  
  170  12:05  SCV  
  156  12:10  Orbital Command  
  156  12:11  Planetary Fortress, Marauder x2  
  156  12:13  Missile Turret, SCV  
  156  12:14  Missile Turret  
  156  12:15  Missile Turret, Marine x2  
  160  12:16  Widow Mine  
  160  12:17  Liberator  
  160  12:20  Liberator  
  160  12:21  Marine x3, Marauder  
  160  12:22  SCV x2  
  177  12:24  Orbital Command  
  177  12:26  Orbital Command  
  177  12:27  Marine  
  178  12:30  Marine  
  178  12:32  SCV  
  178  12:36  Thor  
  186  12:39  Engineering Bay  
  186  12:41  Widow Mine  
  186  12:42  Marauder  
  186  12:44  Marauder  
  192  12:47  Ghost x2  
  196  12:52  Starport  
  196  12:55  Starport  
  196  12:57  Fusion Core  
  196  12:59  Liberator  
  196  13:00  Command Center  
  196  13:02  Marine  
  200  13:11  Widow Mine  
  200  13:17  Ghost  
  200  13:19  Marauder  
  200  13:23  Marauder x2  
  195  13:32  Medivac x2, Marine, Widow Mine  
  195  13:33  Marine x3  
  195  13:34  Marine x2  
  162  13:39  Marine  
  162  13:40  Thor, Marauder  
  166  13:41  Liberator  
  166  13:42  Liberator, Marine  
  166  13:44  Marauder x2  
  166  13:46  Marauder, Terran Vehicle And Ship Armor Level 2  
  166  13:48  SCV, Widow Mine  
  182  13:50  Marine x3  
  182  13:51  SCV  
  186  13:57  Orbital Command, Sensor Tower  
  186  14:00  Missile Turret, Widow Mine  
  186  14:01  Marauder, Marine  
  186  14:02  Liberator  
  191  14:04  Liberator  
  191  14:05  Marauder  
  191  14:07  Marine  
  200  14:15  Command Center  
  200  14:24  Refinery  
  200  14:25  Refinery  
  200  14:27  Hi-Sec Auto Tracking, Command Center, Neosteel Armor  
  200  14:30  Advanced Ballistics, Armory  
  200  14:37  Liberator x2  
  190  14:41  Widow Mine  
  164  14:47  SCV  
  164  14:48  SCV  
  164  14:49  Liberator x2  
  164  14:50  Widow Mine, Marine  
  164  14:51  Widow Mine  
  164  14:52  Marauder x3  
  181  14:55  Marine, SCV x2  
  184  15:03  Widow Mine  
  184  15:04  Marauder  
  188  15:10  Orbital Command  
  188  15:12  Personal Cloaking, Ghost  
  188  15:13  Marauder  
  192  15:20  Liberator x2  
  190  15:36  Liberator  
  190  15:39  SCV x2, Widow Mine x2  
  190  15:40  Marauder  
  198  15:47  Marauder x3  
  188  15:50  Orbital Command, Widow Mine  
  188  15:55  Marine  
  188  15:56  Marine x2  
  171  15:57  SCV  
  171  15:59  Marine x2  
  171  16:00  Cyclone  
  171  16:01  Marauder, Marine x2, Widow Mine  
  171  16:03  Liberator x2  
  163  16:04  SCV  
  163  16:06  SCV  
  163  16:07  Marine  
  163  16:08  Marauder  
  163  16:09  SCV  
  163  16:11  Ghost, Widow Mine, Marine  
  168  16:14  Marine  
  163  16:19  Liberator  
  163  16:22  Ghost, Marine  
  163  16:24  SCV, Marine x2  
  163  16:25  SCV x4  
  172  16:29  Marauder  
  175  16:34  Liberator  
  175  16:37  Marauder  
  171  16:40  Planetary Fortress  
  171  16:47  Marauder  
  173  16:56  Widow Mine  
  173  16:58  Marine  
  173  17:00  Liberator, Command Center  
  179  17:07  Liberator  
  179  17:08  Marauder, Widow Mine  
  184  17:10  Marauder x2  
  184  17:13  Ghost  
  184  17:14  Missile Turret  
  190  17:18  Widow Mine  
  192  17:26  Widow Mine, Marine x2  
  192  17:27  Marine  
  192  17:29  Ghost  
  155  17:30  Widow Mine, Marine x3  
  155  17:33  Liberator, Marine  
  155  17:34  Marauder  
  148  17:37  Marauder, Marine  
  148  17:39  Widow Mine  
  148  17:40  Liberator  
  148  17:43  Marauder  
  153  17:44  Marine x2  
  153  17:45  Marine  
  153  17:48  Widow Mine, Marine  
  153  17:50  Medivac  
  159  17:52  Widow Mine  
  159  17:54  Ghost  
  159  17:55  Sensor Tower, Marine x2  
  159  17:57  Marine  
  166  18:00  Marine  
  166  18:01  Widow Mine  
  169  18:07  Marauder x2, Marine x2  
  169  18:08  Marine x2  
  169  18:09  Widow Mine  
  169  18:11  Marine  
  177  18:13  Widow Mine  
Tags
 
Add a new tag
Caveats
  • Supply blocks, unpowered buildings, or Contaminate may cause inaccurate times.
  • Supply counts are checked every 10 seconds.